 Dungeon Crawl Stone Soup version 0.28-a0-803-g74956062c1 (webtiles) character file.

Game seed: 3410387962339663060

5549 Decritt the Destroyer (level 10, -1/59 HPs)
             Began as a Deep Elf Conjurer on Nov 7, 2021.
             Was a Believer of Vehumet.
             Killed by vampiric draining
             ... invoked by a vampire
              (13 damage)
             ... on level 8 of the Dungeon.
             The game lasted 01:16:52 (14381 turns).

Decritt the Destroyer (Deep Elf Conjurer)          Turns: 14381, Time: 01:16:53

Health: -1/59      AC:  9    Str:  9    XL:     10   Next: 44%
Magic:  11/24      EV: 15    Int: 26    God:    Vehumet [**....]
Gold:   435        SH:  5    Dex: 14    Spells: 8/26 levels left

rFire   + . .      SeeInvis .   F - +4 war axe (freeze)
rCold   . . .      Faith    .   y - +0 buckler
rNeg    . . .      Spirit   .   G - +2 robe of Mental Paralysis {rPois Str+5}
rPois   +          Reflect  .   h - +0 helmet
rElec   .          Harm     .   f - +0 cloak
rCorr   +          Rampage  .   n - +1 pair of gloves
Will    +....                   k - +0 pair of boots
Stlth   ++........              (no amulet)
HPRegen 0.19/turn               j - ring of protection from fire
MPRegen 0.19/turn               e - ring of resist corrosion

@: mighty
A: no striking features
a: Renounce Religion


You were on level 8 of the Dungeon.
You worshipped Vehumet.
Vehumet was pleased with you.
You visited 2 branches of the dungeon, and saw 9 of its levels.
You also visited: Ossuary.

You collected 435 gold pieces.

Inventory:

Hand Weapons
 u - a +4 whip of holy wrath
 F - a +4 war axe of freezing (weapon)
Missiles
 i - 51 poisoned darts (quivered)
Armour
 b - a +0 leather armour
 f - a +0 cloak (worn)
 h - a +0 helmet (worn)
 k - a +0 pair of boots (worn)
 m - a +2 kite shield
 n - a +1 pair of gloves (worn)
 t - a scarf of shadows
 y - a +0 buckler (worn)
 G - the +2 robe of Mental Paralysis (worn) {rPois Str+5}
   (You took it off a centaur on level 8 of the Dungeon)

   Str:       It affects your strength (+5).
   rPois:     It protects you from poison.
Jewellery
 e - a ring of resist corrosion (right hand)
 j - a ring of protection from fire (left hand)
 q - a ring of poison resistance
 E - a ring of flight
Wands
 a - a wand of polymorph (19)
 d - a wand of flame (15)
 r - a wand of paralysis (13)
 B - a wand of acid (4)
Scrolls
 l - 4 scrolls of immolation
 o - a scroll of magic mapping {unknown}
 s - a scroll of fog
 A - a scroll of amnesia {unknown}
 C - a scroll of enchant armour
Potions
 c - 2 potions of invisibility
 p - 2 potions of mutation
 w - 2 potions of attraction
 x - a potion of berserk rage
 z - a potion of ambrosia
 D - 2 potions of flight


   Skills:
 + Level 5.4 Fighting
 - Level 8.0 Dodging
 - Level 2.4 Stealth
 - Level 4.0 Shields
 + Level 8.8 Spellcasting
 - Level 9.0 Conjurations
 + Level 8.2 Hexes
 + Level 1.8 Fire Magic


You had 8 spell levels left.
You knew the following spells:

 Your Spells              Type           Power      Damage    Failure   Level
a - Magic Dart            Conj           100%       1d8       1%          1
b - Searing Ray           Conj           100%       2d8       1%          2
c - Fulminant Prism       Conj/Hex       27%        3d14      1%          4
d - Dazzling Flash        Conj/Hex       100%       N/A       1%          3
e - Fireball              Conj/Fire      19%        3d9       16%         5
t - Tukima's Dance        Hex            53%        N/A       1%          3

Your spell library contained the following spells:

 Spells                   Type           Power      Damage    Failure   Level
 Freeze                   Ice            44%        1d6       5%          1
 Ensorcelled Hibernation  Hex/Ice        64%        N/A       1%          2
 Animate Skeleton         Necr           22%        N/A       5%          1
 Pain                     Necr           44%        1d6       5%          1
 Sting                    Tmut/Pois      44%        1d5       5%          1
 Poisonous Vapours        Pois/Air       22%        N/A       8%          2
 Iskenderun's Mystic Bla  Conj/Tloc      34%        2d8       9%          4
 Leda's Liquefaction      Hex/Erth       16%        N/A       10%         4
 Gell's Gravitas          Tloc           11%        N/A       16%         3
 Teleport Other           Tloc           11%        N/A       16%         3
 Vampiric Draining        Necr           11%        2d6       16%         3
 Summon Mana Viper        Hex/Summ       32%        N/A       26%         5
 Olgreb's Toxic Radiance  Pois           11%        N/A       45%         4
 Summon Ice Beast         Ice/Summ       11%        N/A       45%         4
 Starburst                Conj/Fire      19%        6d7       65%         6
 Agony                    Necr           11%        N/A       82%         5
 Excruciating Wounds      Necr           5%         N/A       82%         5
 Lee's Rapid Deconstruct  Erth           5%         3d7*      82%         5
 Dispersal                Tloc           5%         N/A       100%        6
 Statue Form              Tmut/Erth      7%         N/A       100%        6
 Monstrous Menagerie      Summ           5%         N/A       100%        7
 Ignition                 Fire           10%        3d5       100%        8


Dungeon Overview and Level Annotations

Branches:
Dungeon (8/15)             Temple (1/1) D:6         Ossuary (visited)
   Lair: D:8-11

Altars:
Ashenzari
Cheibriados
Elyvilon
Fedhas
Gozag
Hepliaklqana
Kikubaaqudgha
Makhleb
Nemelex Xobeh
Okawaru
Qazlal
Ru
Sif Muna
Trog
Uskayaw
Vehumet
Wu Jian
Xom
Yredelemnul
Zin
The Shining One

Annotations:
D:7 2 transporters, Soborki's ghost, novice MiBe
D:8 gorgule


Message History

You bump into the rock wall.
You feel less confused. Something barely misses you. x2
Something barely misses you. Something bites you!
* * * LOW HITPOINT WARNING * * *
Something draws strength from your injuries!
You see here a +0 dire flail.
You feel better. Something hits you.
* * * LOW HITPOINT WARNING * * *
Something bites you.
* * * LOW HITPOINT WARNING * * *
Something draws strength from your injuries!
You closely miss something. Something hits you.
* * * LOW HITPOINT WARNING * * *
Something bites you!
* * * LOW HITPOINT WARNING * * *
Something draws strength from your injuries!
You feel better. Something hits you but does no damage.
Something closely misses you.
You feel better. You block something's attack. x2
You feel very mighty all of a sudden. Something hits you but does no damage.
Something bites you.
* * * LOW HITPOINT WARNING * * *
Something draws strength from your injuries!
You closely miss something. Something barely misses you.
Something bites you but does no damage. Something hits you but does no damage.
Something barely misses you.
You miss something. Something hits you but does no damage.
Something bites you but does no damage.
You slash something! Something hits you!
* * * LOW HITPOINT WARNING * * *
Something bites you.
* * * LOW HITPOINT WARNING * * *
Something draws strength from your injuries!
Something hits you.
* * * LOW HITPOINT WARNING * * *
Something bites you but does no damage.
Okay, then.
You slash something! You freeze something. Something draws life force from you!
You die...

#.# #.#
#.# #.#
##.#
##..#
###..##
#...##
#[@##
#){#
#..#
#..'#
#..#.#
#..#..#
#..#
..#
....
#..#
.##.
#..


There were no monsters in sight!

Vanquished Creatures
  A two-headed ogre (D:7)
  A gargoyle (D:8)
  A wraith (D:8)
  A steam dragon (D:8)
  A vampire mosquito (D:8)
  Menkaure (D:5)
  2 water moccasins (D:7)
  An ice beast (D:8)
  2 orc warriors
  A sky beast (D:6)
  3 necrophages
  5 ogres
  2 centaurs
  2 kobold brigands (D:8)
  A bullfrog (D:6)
  5 scorpions
  A wyvern zombie (D:6)
  A gnoll sergeant (D:6)
  A water moccasin zombie (Ossuary)
  2 water moccasin skeletons (D:6)
  A wight (D:8)
  6 killer bees (D:7)
  3 howler monkeys
  2 centaur zombies (D:8)
  A bullfrog zombie (D:5)
  A jelly (D:6)
  Crazy Yiuf (D:2)
  A hound (D:6)
  3 orc priests (D:7)
  3 bullfrog skeletons
  An iguana (D:5)
  An orc wizard (D:7)
  Terence (D:3)
  2 killer bee zombies (D:7)
  2 mummies (Ossuary)
  Robin (D:2)
  5 gnolls
  6 adders
  A howler monkey skeleton (D:7)
  3 shadow imps
  A white imp (D:8)
  3 ufetubi
  3 adder zombies (Ossuary)
  3 worms (D:3)
  2 dart slugs (D:3)
  12 orcs
  3 ball pythons
  4 bats
  5 endoplasms
  2 giant cockroaches (D:2)
  12 goblins
  9 hobgoblins
  3 quokkas
  3 frilled lizards
  2 gnoll zombies (Ossuary)
  3 hobgoblin zombies (Ossuary)
  7 kobolds
  2 kobold zombies (Ossuary)
  7 orc zombies (Ossuary)
  5 rats
  2 fulminant prisms
173 creatures vanquished.

Vanquished Creatures (collateral kills)
  A deep elf pyromancer (D:8)
  2 centaurs (D:8)
  4 wights (D:8)
  A howler monkey (D:8)
  An orc (D:8)
9 creatures vanquished.

Vanquished Creatures (others)
  6 dancing weapons (D:8)
  10 fulminant prisms
16 creatures vanquished.

Grand Total: 198 creatures vanquished

Notes
Turn   | Place    | Note
-------+----------+-------------------------------------------
     0 | D:1      | Decritt the Deep Elf Conjurer began the quest for the Orb.
     0 | D:1      | Reached XP level 1. HP: 10/10 MP: 6/6
   141 | D:1      | Reached skill level 1 in Fighting
   141 | D:1      | Reached XP level 2. HP: 9/16 MP: 8/8
   448 | D:1      | Learned a level 2 spell: Searing Ray
   730 | D:1      | Found a faded altar of an unknown god.
  1333 | D:2      | Reached XP level 3. HP: 21/21 MP: 8/10
  1403 | D:2      | Noticed Robin
  1414 | D:2      | Killed Robin
  1920 | D:2      | Found a runed translucent door.
  1921 | D:2      | Noticed Crazy Yiuf
  2399 | D:3      | Reached XP level 4. HP: 27/27 MP: 12/12
  2405 | D:3      | Noticed Terence
  2413 | D:3      | Killed Terence
  2759 | D:3      | Found a large runed translucent door.
  2760 | D:3      | Found a large runed translucent door.
  2777 | D:3      | Found a sparkling altar of Nemelex Xobeh.
  2794 | D:3      | Found a shimmering blue altar of Sif Muna.
  2794 | D:3      | Noticed an ogre
  2806 | D:3      | Killed an ogre
  2807 | D:3      | Reached skill level 5 in Spellcasting
  2807 | D:3      | Reached XP level 5. HP: 21/32 MP: 7/14
  4230 | D:4      | Found a radiant altar of Vehumet.
  4262 | D:4      | Became a worshipper of Vehumet
  4583 | D:4      | Reached XP level 6. HP: 35/38 MP: 11/16
  5229 | D:5      | Entered Level 5 of the Dungeon
  5618 | D:5      | Reached skill level 5 in Conjurations
  5621 | D:5      | Reached XP level 7. HP: 44/44 MP: 8/18
  6313 | D:5      | Noticed Menkaure
  6321 | D:5      | Killed Menkaure
  6322 | D:5      | Reached skill level 5 in Fighting
  6744 | D:6      | Found a sand-covered staircase.
  6748 | Ossuary  | Entered an ossuary
  6818 | Ossuary  | Reached * piety under Vehumet
  6818 | Ossuary  | Offered knowledge of Shock by Vehumet.
  7416 | Ossuary  | Reached skill level 6 in Conjurations
  7483 | Ossuary  | Learned a level 3 spell: Dazzling Flash
  7561 | D:6      | Found a basalt altar of Yredelemnul.
  7660 | D:6      | Reached skill level 1 in Hexes
  7660 | D:6      | Reached XP level 8. HP: 49/49 MP: 13/20
  8405 | D:6      | Reached skill level 1 in Shields
  8441 | D:6      | Found a snail-covered altar of Cheibriados.
  8586 | D:6      | Reached skill level 5 in Dodging
  8586 | D:6      | Reached skill level 7 in Conjurations
  8774 | D:6      | Found a staircase to the Ecumenical Temple.
  8787 | Temple   | Entered the Ecumenical Temple
  9624 | D:6      | Found a bloodstained altar of Trog.
  9652 | D:6      | Reached XP level 9. HP: 34/54 MP: 14/21
  9661 | D:6      | Reached skill level 5 in Hexes
 10217 | D:6      | Learned a level 4 spell: Fulminant Prism
 10760 | D:7      | Offered knowledge of Freeze by Vehumet.
 10828 | D:7      | Reached ** piety under Vehumet
 10967 | D:7      | Reached skill level 8 in Conjurations
 11141 | D:7      | Found a transporter.
 11144 | D:7      | Noticed Soborki's ghost (novice MiBe)
 11294 | D:7      | Found a transporter.
 11406 | D:7      | Learned a level 3 spell: Tukima's Dance
 11967 | D:2      | Killed Crazy Yiuf
 12529 | D:8      | Noticed a two-headed ogre
 12627 | D:7      | Killed a two-headed ogre
 12868 | D:8      | Noticed a gargoyle
 12888 | D:8      | Reached XP level 10. HP: 25/59 MP: 4/23
 13072 | D:8      | Noticed a deep elf pyromancer
 13096 | D:8      | Killed a deep elf pyromancer
 13195 | D:8      | Reached skill level 9 in Conjurations
 13326 | D:8      | Noticed a cyclops
 13326 | D:8      | Noticed a gargoyle
 14022 | D:8      | Learned a level 5 spell: Fireball
 14192 | D:8      | Identified the +2 robe of Mental Paralysis {rPois Str+5}
 14214 | D:8      | Reached skill level 1 in Fire Magic
 14363 | D:8      | Killed a gargoyle
 14381 | D:8      | Killed from afar by a vampire

Illustrated notes

Levels and vault maps discovered:
D:1:      psy_arrival_fountain, layout_loops_ring,
          hellmonk_ecumenical_altar_zigzags, amcnicky_mini_corridor_feature,
          nrook_mini_backslash, chequers_jeans, eino_curves_02
D:2:      layout_rooms, uniq_robin, uniq_crazy_yiuf_cottage
D:3:      minmay_razor_zed, layout_loops_ring, jmf_multi_god_temple2,
          uniq_terence
D:4:      layout_basic, lemuel_doored_altar
D:5:      layout_rooms, serial_rivers, chequers_serial_rivers_micro_c,
          chequers_serial_rivers_room_a, chequers_serial_rivers_micro_a,
          chequers_serial_rivers_micro_d, chequers_serial_rivers_micro_e,
          chequers_serial_rivers_micro_e, corexii_corridor_pit, uniq_menkaure
D:6:      layout_basic, mainiacjoe_overflow_alcove_2, trog_butcher_becter,
          yredelemnul_altar_generic, temple_hall,
          lightli_ossuary_entry_decrepit_ruins, minmay_strange_pillars
D:7:      layout_cave_pools, gammafunk_ghost_stat_death, minivault_24
D:8:      minmay_the_grid_octo_tiled_squarecenter [minmay_the_grid_octo_clover,
          minmay_the_grid_octo_empty, minmay_the_grid_octo_odd_swirl,
          minmay_the_grid_octo_fat_diamond,
          minmay_the_grid_square_5x5_megaprize_crossed,
          minmay_the_grid_square_5x5_n_small,
          minmay_the_grid_square_5x5_inner_i,
          minmay_the_grid_square_5x5_two_walls_b,
          minmay_the_grid_square_5x5_slash], layout_layer_cave
Temple:   regret_index_temple_waves

Skill      XL: |  1  2  3  4  5  6  7  8  9 10 |
---------------+-------------------------------+-----
Fighting       | 1 2 3 4 5 |  5.4
Spellcasting   | 4 5 6 7 8 |  8.8
Conjurations   | 5 6 7 8 9 |  9.0
Dodging        | 3 5 7 8 |  8.0
Hexes          | 1 4 7 8 |  8.2
Shields        | 2 4 |  4.0
Fire Magic     | 1 |  1.8
Stealth        | |  2.4

Action                   |  1- 3 |  4- 6 |  7- 9 | 10-12 || total
-------------------------+-------+-------+-------+-------++-------
Melee: Dagger            |    47 |    42 |       |       ||    89
       Spear             |       |       |    20 |       ||    20
       Hand axe          |       |       |     7 |       ||     7
       War axe           |       |       |     4 |    20 ||    24
Throw: Dart              |    76 |    31 |    33 |     2 ||   142
 Cast: Magic Dart        |    27 |    57 |    57 |    10 ||   151
       Searing Ray       |     2 |    15 |    69 |    10 ||    96
       Tukima's Dance    |       |       |    13 |    11 ||    24
       Fulminant Prism   |       |       |    11 |     1 ||    12
       Dazzling Flash    |       |       |     3 |     1 ||     4
  Use: Scroll            |     4 |     3 |    11 |     1 ||    19
       Potion            |       |       |     2 |     5 ||     7
 Stab: Sleeping          |       |       |     1 |       ||     1
Armor: Leather armour    |    14 |    12 |    42 |     8 ||    76
       Robe              |       |       |       |    10 ||    10
Dodge: Dodged            |    29 |    23 |    85 |    42 ||   179
Block: Buckler           |       |       |    31 |     9 ||    40

Table legend: (Time is in decaauts)
 A = Elapsed time spent in this place.
 B = Non-inter-level travel time spent in this place.
 C = Inter-level travel time spent in this place.
 D = Time resting spent in this place.
 E = Time spent auto-exploring this place.
 F = Levels seen in this place.
 G = Mean time per level.
                   A        B        C        D        E       F      G
               +--------+--------+--------+--------+--------+-----+--------+
         Total |  14406 |  13863 |    543 |   5852 |   5439 |  10 | 1440.6 |
       Dungeon |  13393 |  12906 |    487 |   5234 |   5291 |   8 | 1674.1 |
        Temple |    217 |    161 |     56 |      0 |    148 |   1 |  217.0 |
       Ossuary |    795 |    795 |      0 |    618 |      0 |   1 |  795.0 |
               +--------+--------+--------+--------+--------+-----+--------+

Top non-repeatable levels by time:
     D:6: 3148 daAuts
     D:3: 1834 daAuts
     D:8: 1728 daAuts
     D:7: 1571 daAuts
     D:2: 1537 daAuts
     D:5: 1435 daAuts
     D:4: 1080 daAuts
     D:1: 1057 daAuts
 Ossuary: 795 daAuts
  Temple: 217 daAuts
